SL
PHILADEPHIA 1776 BC @ ROCKY MOUNTAIN NUGGETS
09/25/2019
 
TOP OF THE 1ST
Philadephia 1776 BC batting - Pitching for Rocky Mountain Nuggets : RHP John Braun
Pitching: RHP John Braun
Batting: LHB Manuel García 0-0: Fly out, F6 (Line Drive, 6M)
Batting: RHB Toshitsugu Sakamoto 0-0: Called Strike
0-1: Called Strike
0-2: Strikes out swinging
Batting: LHB Chris Nelson 0-0: Ball
1-0: Ball
2-0: SINGLE (Groundball, 34D)
Batting: RHB Brian O'Brian 0-0: Foul Ball, location: 2F
0-1: Ball
1-1: Foul Ball, location: 2F
1-2: Ball
2-2: Strikes out looking
Top of the 1st over - 0 run(s), 1 hit(s), 0 error(s), 1 left on base; Philadephia 1776 0 - Rocky Mountain 0
BOTTOM OF THE 1ST
Rocky Mountain Nuggets batting - Pitching for Philadephia 1776 BC : RHP Jeff Territt
Pitching: RHP Jeff Territt
Batting: RHB Xie-li Kan 0-0: Called Strike
0-1: Ground out 5-3 (Groundball, 5)
Batting: RHB Mark O'Monaghan 0-0: Ball
1-0: Ball
2-0: Called Strike
2-1: Ball
3-1: Foul Ball, location: 2F
3-2: SINGLE (Line Drive, 4MD)
Batting: LHB Jason Potter 0-0: Called Strike
Mark O'Monaghan steals 2nd base
0-1: Called Strike
0-2: Fly out, F7 (Flyball, 78S)
Batting: RHB David Verhoeve 0-0: Ball
1-0: Called Strike
1-1: SINGLE (Groundball, 34)
Mark O'Monaghan to third
Runner from 3rd tries for Home, SAFE, no throw or cutoff
Batting: SHB Jim Morris 0-0: Ball
1-0: Called Strike
1-1: Foul Ball, location: 2F
1-2: Ball
2-2: Foul Ball, location: 2F
2-2: Ground out 3-1 (Groundball, 34)
Bottom of the 1st over - 1 run(s), 2 hit(s), 0 error(s), 1 left on base; Philadephia 1776 0 - Rocky Mountain 1
TOP OF THE 2ND
Philadephia 1776 BC batting - Pitching for Rocky Mountain Nuggets : RHP John Braun
Batting: LHB Sébastien Rolland 0-0: Fly out, F9 (Flyball, 89M)
Batting: SHB Matt Morris 0-0: Ball
1-0: Ball
2-0: Ball
3-0: Called Strike
3-1: Base on Balls
Batting: RHB Lúcio Montoya 0-0: Ball
1-0: Ball
2-0: Foul Ball, location: 2F
2-1: Swinging Strike
2-2: Strikes out swinging
Batting: RHB Manny Hernández 0-0: Called Strike
0-1: Foul Ball, location: 2F
0-2: Foul Ball, location: 2F
0-2: Ball
1-2: Foul Ball, location: 2F
1-2: Strikes out looking
Top of the 2nd over - 0 run(s), 0 hit(s), 0 error(s), 1 left on base; Philadephia 1776 0 - Rocky Mountain 1
BOTTOM OF THE 2ND
Rocky Mountain Nuggets batting - Pitching for Philadephia 1776 BC : RHP Jeff Territt
Batting: SHB Jorge Colomo 0-0: Foul Ball, location: 2F
0-1: Ball
1-1: Reached on error, E2 (Groundball, 2L)
Batting: RHB Juan Ávila 0-0: Ball
1-0: Called Strike
1-1: Foul Ball, location: 2F
1-2: Fly out, F8 (Line Drive, 8LM)
Batting: RHB Mark Melton 0-0: Ball
1-0: Ball
2-0: Ball
3-0: Called Strike
3-1: Base on Balls
Batting: LHB John Braun 0-0: DOUBLE (Flyball, 89M)
Jorge Colomo scores
Mark Melton to third
Batting: RHB Xie-li Kan 0-0: Ball
1-0: DOUBLE (Line Drive, 3L)
Mark Melton scores
John Braun scores
Batting: RHB Mark O'Monaghan 0-0: Ball
1-0: Fly out, F7 (Flyball, 78M)
Batting: LHB Jason Potter 0-0: Ground out 1-3 (Groundball, 13S)
Bottom of the 2nd over - 3 run(s), 2 hit(s), 1 error(s), 1 left on base; Philadephia 1776 0 - Rocky Mountain 4
TOP OF THE 3RD
Philadephia 1776 BC batting - Pitching for Rocky Mountain Nuggets : RHP John Braun
Batting: RHB Jeff Territt 0-0: Swinging Strike
0-1: Foul Ball, location: 2F
0-2: Strikes out swinging
Batting: LHB Manuel García 0-0: Ball
1-0: Swinging Strike
1-1: Ground out U3 (Groundball, 3L)
Batting: RHB Toshitsugu Sakamoto 0-0: Called Strike
0-1: Called Strike
0-2: Ball
1-2: Ground out 5-3 (Groundball, 5L)
Top of the 3rd over - 0 run(s), 0 hit(s), 0 error(s), 0 left on base; Philadephia 1776 0 - Rocky Mountain 4
BOTTOM OF THE 3RD
Rocky Mountain Nuggets batting - Pitching for Philadephia 1776 BC : RHP Jeff Territt
Batting: RHB David Verhoeve 0-0: Ball
1-0: Swinging Strike
1-1: Called Strike
1-2: SINGLE (Line Drive, 89S)
Batting: SHB Jim Morris 0-0: Ball
David Verhoeve steals 2nd base
1-0: Swinging Strike
1-1: Foul Ball, location: 2F
1-2: Foul Ball, location: 2F
1-2: Ground out 4-3 (Groundball, 4M)
David Verhoeve to third
Batting: SHB Jorge Colomo 0-0: Ball
1-0: Foul Ball, location: 2F
1-1: Fly out, F9 (Line Drive, 9LM)
Batting: RHB Juan Ávila 0-0: Called Strike
0-1: Called Strike
0-2: Ball
1-2: Ground out 5-3 (Groundball, 5S)
Bottom of the 3rd over - 0 run(s), 1 hit(s), 0 error(s), 1 left on base; Philadephia 1776 0 - Rocky Mountain 4
TOP OF THE 4TH
Philadephia 1776 BC batting - Pitching for Rocky Mountain Nuggets : RHP John Braun
Batting: LHB Chris Nelson 0-0: DOUBLE (Line Drive, 7LS)
Batting: RHB Brian O'Brian 0-0: Ball
1-0: Foul Ball, location: 2F
1-1: Swinging Strike
1-2: Ball
2-2: Strikes out swinging
Batting: LHB Sébastien Rolland 0-0: Ball
1-0: SINGLE (Line Drive, 34)
Chris Nelson to third
Batting: SHB Matt Morris 0-0: Ball
1-0: Foul Ball, location: 2F
1-1: Ball
2-1: Ball
3-1: Fly out, F9 (Line Drive, 9M)
Runner from 3rd tags up, SCORES, throw made
Batting: RHB Lúcio Montoya 0-0: Ball
Sébastien Rolland is caught stealing 2nd base
Top of the 4th over - 1 run(s), 2 hit(s), 0 error(s), 0 left on base; Philadephia 1776 1 - Rocky Mountain 4
BOTTOM OF THE 4TH
Rocky Mountain Nuggets batting - Pitching for Philadephia 1776 BC : RHP Jeff Territt
Batting: RHB Mark Melton 0-0: TRIPLE (Groundball, 5L)
Batting: LHB John Braun 0-0: Ground out 4-3 (Groundball, 4)
Mark Melton scores
Batting: RHB Xie-li Kan 0-0: Ball
1-0: Swinging Strike
1-1: Ground out 6-3 (Groundball, 56)
Batting: RHB Mark O'Monaghan 0-0: Called Strike
0-1: Ball
1-1: Ball
2-1: SINGLE (Groundball, 6MD)
Batting: LHB Jason Potter 0-0: Called Strike
0-1: Ball
1-1: Foul Ball, location: 2F
1-2: SINGLE (Groundball, 25) (infield hit)
Mark O'Monaghan to second
Batting: RHB David Verhoeve 0-0: Fly out, F2 (Popup, 2L)
Bottom of the 4th over - 1 run(s), 3 hit(s), 0 error(s), 2 left on base; Philadephia 1776 1 - Rocky Mountain 5
TOP OF THE 5TH
Philadephia 1776 BC batting - Pitching for Rocky Mountain Nuggets : RHP John Braun
Batting: RHB Lúcio Montoya 0-0: Called Strike
0-1: Ball
1-1: Ball
2-1: Ground out 6-3 (Groundball, 6)
Batting: RHB Manny Hernández 0-0: Called Strike
0-1: Called Strike
0-2: Ball
1-2: Ground out 1-3 (Groundball, 15)
Pinch Hitting: RHB Yuji Ine 0-0: Ball
1-0: Ball
2-0: Called Strike
2-1: Ball
3-1: SINGLE (Flyball, 8LS)
Batting: LHB Manuel García 0-0: Ball
1-0: Foul Ball, location: 2F
1-1: Ball
2-1: Foul Ball, location: 2F
2-2: Fly out, F6 (Popup, 6D)
Top of the 5th over - 0 run(s), 1 hit(s), 0 error(s), 1 left on base; Philadephia 1776 1 - Rocky Mountain 5
BOTTOM OF THE 5TH
Rocky Mountain Nuggets batting - Pitching for Philadephia 1776 BC : RHP Jeff Territt
Pitching: LHP Jason Dudley
Batting: SHB Jim Morris 0-0: Ball
1-0: Called Strike
1-1: Swinging Strike
1-2: Hit by Pitch
Batting: SHB Jorge Colomo 0-0: Swinging Strike
0-1: SINGLE (Groundball, 34S)
Jim Morris to second
Runner from 2nd tries for 3rd, SAFE, no throw or cutoff
Batting: RHB Juan Ávila 0-0: Called Strike
0-1: DOUBLE (Line Drive, 7LM)
Jim Morris scores
Jorge Colomo to third
Batting: RHB Mark Melton 0-0: Intentional Walk
Batting: LHB John Braun 0-0: Called Strike
0-1: Foul Ball, location: 2F
0-2: Ball
1-2: Ball
2-2: Foul Ball, location: 2F
2-2: SINGLE (Groundball, 34D)
Jorge Colomo scores
Juan Ávila to third
Mark Melton to second
Batting: RHB Xie-li Kan 0-0: Ball
1-0: Ball
2-0: Called Strike
2-1: Ball
3-1: Called Strike
3-2: Foul Ball, location: 2F
3-2: TRIPLE (Line Drive, 89M)
Juan Ávila scores
Mark Melton scores
John Braun scores
Pitching: RHP Paul Clark
Batting: RHB Mark O'Monaghan 0-0: Ball
1-0: Ball
2-0: Ball
3-0: Base on Balls
Batting: LHB Jason Potter 0-0: Foul Ball, location: 2F
0-1: Ball
1-1: Fly out, F7 (Flyball, 78M)
Runner from 3rd tags up, SCORES, no throw
Batting: RHB David Verhoeve 0-0: Called Strike
0-1: Called Strike
0-2: Ball
1-2: Ball
Mark O'Monaghan steals 2nd base
2-2: Foul Ball, location: 2F
2-2: Ball
3-2: Ground out 6-3 (Groundball, 6)
Batting: SHB Jim Morris 0-0: Ball
1-0: Foul Ball, location: 2F
1-1: Ground out U3 (Groundball, 3S)
Bottom of the 5th over - 6 run(s), 4 hit(s), 0 error(s), 1 left on base; Philadephia 1776 1 - Rocky Mountain 11
TOP OF THE 6TH
Philadephia 1776 BC batting - Pitching for Rocky Mountain Nuggets : RHP John Braun
Batting: RHB Toshitsugu Sakamoto 0-0: Called Strike
0-1: Called Strike
0-2: Ball
1-2: Ground out 5-3 (Groundball, 5L)
Batting: LHB Chris Nelson 0-0: Called Strike
0-1: Ball
1-1: Swinging Strike
1-2: Strikes out swinging
Batting: RHB Brian O'Brian 0-0: Called Strike
0-1: Ground out 6-3 (Groundball, 6)
Top of the 6th over - 0 run(s), 0 hit(s), 0 error(s), 0 left on base; Philadephia 1776 1 - Rocky Mountain 11
BOTTOM OF THE 6TH
Rocky Mountain Nuggets batting - Pitching for Philadephia 1776 BC : RHP Paul Clark
Batting: SHB Jorge Colomo 0-0: Ball
1-0: Swinging Strike
1-1: Fly out, F7 (Popup, 78S)
Batting: RHB Juan Ávila 0-0: Ball
1-0: Foul Ball, location: 2F
1-1: Ball
2-1: Ball
3-1: DOUBLE (Line Drive, 5L)
Batting: RHB Mark Melton 0-0: Swinging Strike
0-1: Fly out, F3 (Popup, 9LSF)
Batting: LHB John Braun 0-0: Ball
1-0: Swinging Strike
Passed Ball!
Juan Ávila to third
1-1: Foul Ball, location: 2F
1-2: Foul Ball, location: 2F
1-2: Ball
2-2: Fly out, F8 (Flyball, 8RM)
Bottom of the 6th over - 0 run(s), 1 hit(s), 0 error(s), 1 left on base; Philadephia 1776 1 - Rocky Mountain 11
TOP OF THE 7TH
Philadephia 1776 BC batting - Pitching for Rocky Mountain Nuggets : RHP John Braun
Batting: LHB Sébastien Rolland 0-0: Ball
1-0: Ball
2-0: Ball
3-0: Called Strike
3-1: Base on Balls
Batting: SHB Matt Morris 0-0: Ground out U3 (Groundball, 3S)
Sébastien Rolland to second
Batting: RHB Lúcio Montoya 0-0: Ball
1-0: Ball
2-0: Ball
3-0: Called Strike
3-1: Foul Ball, location: 2F
3-2: Strikes out looking
Batting: RHB Manny Hernández 0-0: Ball
1-0: Ball
2-0: Foul Ball, location: 2F
2-1: SINGLE (Groundball, 34D)
Sébastien Rolland to third
Runner from 3rd tries for Home, SAFE, no throw or cutoff
Pinch Hitting: RHB Chris Lowe 0-0: Called Strike
0-1: Ball
1-1: Ball
2-1: Ball
3-1: Foul Ball, location: 2F
3-2: Ground out 6-3 (Groundball, 56)
Top of the 7th over - 1 run(s), 1 hit(s), 0 error(s), 1 left on base; Philadephia 1776 2 - Rocky Mountain 11
BOTTOM OF THE 7TH
Rocky Mountain Nuggets batting - Pitching for Philadephia 1776 BC : RHP Paul Clark
Pitching: RHP Alberto Ortíz
Batting: RHB Xie-li Kan 0-0: Called Strike
0-1: Ball
1-1: Called Strike
1-2: Foul Ball, location: 2F
1-2: Ball
2-2: Ball
3-2: Ground out 3-1 (Groundball, 34S)
Batting: RHB Mark O'Monaghan 0-0: Ball
1-0: Ball
2-0: Called Strike
2-1: Swinging Strike
2-2: Foul Ball, location: 2F
2-2: Ball
3-2: Strikes out swinging
Batting: LHB Jason Potter 0-0: Ground out 1-3 (Groundball, 25)
Bottom of the 7th over - 0 run(s), 0 hit(s), 0 error(s), 0 left on base; Philadephia 1776 2 - Rocky Mountain 11
TOP OF THE 8TH
Philadephia 1776 BC batting - Pitching for Rocky Mountain Nuggets : RHP John Braun
Batting: LHB Manuel García 0-0: Called Strike
0-1: Ball
1-1: DOUBLE (Flyball, 89M)
Batting: RHB Toshitsugu Sakamoto 0-0: Ball
1-0: Fly out, F8 (Flyball, 8LXD)
Runner from 2nd tags up, SAFE at 3rd, no throw
Pitching: LHP Tommy Blevins
Batting: LHB Chris Nelson 0-0: Called Strike
0-1: Ball
1-1: Foul Ball, location: 2F
1-2: Ball
2-2: Strikes out swinging
Batting: RHB Brian O'Brian 0-0: Ball
1-0: Ball
2-0: Ball
3-0: Base on Balls
Batting: LHB Sébastien Rolland 0-0: Called Strike
0-1: Ball
1-1: Ball
2-1: 3-RUN HOME RUN (Line Drive, 9LD), Distance : 351 ft
Batting: SHB Matt Morris 0-0: Ball
1-0: SINGLE (Line Drive, 56D)
Batting: RHB Lúcio Montoya 0-0: Ball
1-0: DOUBLE (Line Drive, 7M)
Matt Morris to third
Batting: RHB Manny Hernández 0-0: DOUBLE (Line Drive, 89M)
Matt Morris scores
Lúcio Montoya scores
Pitching: LHP Ryan Miller
Pinch Hitting: LHB John Boone 0-0: Ball
1-0: Foul Ball, location: 2F
1-1: Ball
2-1: Ball
3-1: Called Strike
3-2: Foul Ball, location: 2F
3-2: Strikes out looking
Top of the 8th over - 5 run(s), 5 hit(s), 0 error(s), 1 left on base; Philadephia 1776 7 - Rocky Mountain 11
BOTTOM OF THE 8TH
Rocky Mountain Nuggets batting - Pitching for Philadephia 1776 BC : RHP Alberto Ortíz
Pitching: LHP Michael Campbell
Batting: RHB David Verhoeve 0-0: Ball
1-0: Called Strike
1-1: Ball
2-1: SOLO HOME RUN (Flyball, 89XD), Distance : 412 ft
Batting: SHB Jim Morris 0-0: Ball
1-0: Swinging Strike
1-1: Swinging Strike
1-2: Strikes out swinging
Batting: SHB Jorge Colomo 0-0: Ball
1-0: Ball
2-0: Ball
3-0: Foul Ball, location: 2F
3-1: Base on Balls
Batting: RHB Juan Ávila 0-0: Called Strike
0-1: Swinging Strike
0-2: Strikes out swinging
Batting: RHB Mark Melton 0-0: Ball
1-0: Ball
2-0: Swinging Strike
2-1: Ball
3-1: Base on Balls
Jorge Colomo to second
Batting: RHB Ryan Miller 0-0: Foul Ball, location: 2F
0-1: Ball
1-1: Foul Ball, location: 2F
1-2: Ball
2-2: Foul Ball, location: 2F
2-2: Ball
3-2: SINGLE (Groundball, 56)
Jorge Colomo to third
Mark Melton to second
Jorge Colomo scores
Mark Melton to third
Batting: RHB Xie-li Kan 0-0: Fielders Choice at 2nd, U6 (Groundball, 6M)
Bottom of the 8th over - 2 run(s), 2 hit(s), 0 error(s), 2 left on base; Philadephia 1776 7 - Rocky Mountain 13
TOP OF THE 9TH
Philadephia 1776 BC batting - Pitching for Rocky Mountain Nuggets : LHP Ryan Miller
Batting: LHB Manuel García 0-0: Ball
1-0: Ball
2-0: Foul Ball, location: 2F
2-1: Foul Ball, location: 2F
2-2: Fly out, F9 (Flyball, 89M)
Batting: RHB Toshitsugu Sakamoto 0-0: SOLO HOME RUN (Flyball, 78XD), Distance : 419 ft
Batting: LHB Chris Nelson 0-0: Ball
1-0: Ball
2-0: Fly out, F7 (Popup, 56D)
Batting: RHB Brian O'Brian 0-0: Ground out 6-3 (Groundball, 6)
Top of the 9th over - 1 run(s), 1 hit(s), 0 error(s), 0 left on base; Philadephia 1776 8 - Rocky Mountain 13
This league is powered by Out of the Park Baseball, the baseball management simulation game for PC, Mac and Linux
Saturday, July 25th, 2015 - OOTP Baseball 15.6 Build 34